 Dungeon Crawl Stone Soup version 0.30-a0-381-g6ea064c7b4 (webtiles) character file.

Game seed: 7630012731345176560

356 qeuew the Trooper (level 6, 0/56 HPs)
             Began as a Hill Orc Fighter on Dec 1, 2022.
             Succumbed to a water moccasin's poison
             ... on level 4 of the Dungeon.
             The game lasted 00:03:38 (2742 turns).

qeuew the Trooper (Hill Orc Fighter)                Turns: 2742, Time: 00:03:38

Health: 0/56       AC:  7    Str: 25    XL:     6   Next: 63%
Magic:  6/6        EV: 10    Int:  7    God:
Gold:   170        SH:  9    Dex:  9    Spells: 5/5 levels left

rFire   . . .      SeeInvis .    a - +0 war axe
rCold   + . .      Faith    .    c - +0 buckler
rNeg    . . .      Spirit   .    b - +0 scale mail
rPois   .          Reflect  +    (no helmet)
rElec   .          Harm     .    (no cloak)
rCorr   .          Rampage  .    (no gloves)
Will    +....                    (no boots)
Stlth   ..........               j - amulet of reflection
HPRegen 0.29/turn                (no ring)
MPRegen 0.10/turn                (no ring)

@: mighty, lethally poisoned (0 -> -7)
A: cold resistance 1, strong-willed 1, strong 1
a: no special abilities


You were on level 4 of the Dungeon.
You visited 1 branch of the dungeon, and saw 4 of its levels.

You collected 170 gold pieces.

Inventory:

Hand Weapons
 a - a +0 war axe (weapon)
Armour
 b - a +0 scale mail (worn)
 c - a +0 buckler (worn)
Jewellery
 j - an amulet of reflection (around neck)
Wands
 k - a wand of flame (9)
 l - a wand of polymorph (9)
Scrolls
 e - a scroll of magic mapping
 f - 2 scrolls of fear
Potions
 d - 2 potions of might


   Skills:
 + Level 5.0 Fighting
 + Level 4.6 Axes
 + Level 4.5 Armour
 + Level 2.1 Dodging
 + Level 4.5 Shields


You had 5 spell levels left.
You didn't know any spells.
Your spell library was empty.

Dungeon Overview and Level Annotations

Branches:
Dungeon (4/15)
 Temple: D:4-7

Altars:

Annotations:
D:3 2 transporters, lunkers's ghost, amateur MeTm


Innate Abilities, Weirdness & Mutations

Your flesh is cold resistant. (rC+)
You are strong-willed. (Will+)
Your muscles are strong. (Str +4, Int/Dex -1)


Message History

The water moccasin bites you.
You are more poisoned.
The water moccasin poisons you! The water moccasin barely misses you.
You barely miss the water moccasin.
The water moccasin is lightly wounded.
You feel extremely sick. The water moccasin bites you.
You are lethally poisoned!
The water moccasin poisons you!
The water moccasin bites you but does no damage.
You feel much better.
You feel extremely sick. The water moccasin misses you.
You barely miss the water moccasin.
The water moccasin is lightly wounded.
You feel extremely sick. You block the water moccasin's attack.
The water moccasin bites you.
You slash the water moccasin!
The water moccasin is severely wounded.
You feel very sick.
The water moccasin bites you but does no damage.
The water moccasin bites you!
* * * LOW HITPOINT WARNING * * *
You miss the water moccasin.
The water moccasin is heavily wounded.
* * * LOW HITPOINT WARNING * * *
You feel very sick. The water moccasin bites you.
* * * LOW HITPOINT WARNING * * *
You block the water moccasin's attack.
You closely miss the water moccasin.
The water moccasin is heavily wounded.
* * * LOW HITPOINT WARNING * * *
You feel very sick. The water moccasin bites you.
* * * LOW HITPOINT WARNING * * *
You block the water moccasin's attack.
You closely miss the water moccasin.
The water moccasin is heavily wounded.
You die...

........................
.....#..#.....^.........
...)##.##...............
...<†#.#...............
#......................
......##......)....#
.............))...###.##
........###.............
#.......# ##....@..###..
#.......# #....S..#
#........ #..........
........#..###
........#..#
...#.......#
....#...##..# .. .... ..


You could see a water moccasin.

Vanquished Creatures
  Edmund (D:4)
  An orc priest (D:4)
  An orc wizard (D:4)
  A gnoll (D:1)
  7 adders
  An ufetubus (D:2)
  4 worms
  4 dart slugs
  8 orcs
  9 ball pythons
  7 endoplasms
  3 giant cockroaches
  4 goblins
  4 hobgoblins
  3 jackals (D:2)
  8 bats
  5 frilled lizards
  7 kobolds
  4 rats
82 creatures vanquished.

Notes
Turn   | Place    | Note
-------+----------+-------------------------------------------
     0 | D:1      | qeuew the Hill Orc Fighter began the quest for the Orb.
     0 | D:1      | Reached XP level 1. HP: 19/19 MP: 1/1
    80 | D:1      | Reached XP level 2. HP: 21/27 MP: 2/2
   329 | D:1      | Reached XP level 3. HP: 29/33 MP: 3/3
   429 | D:1      | Reached skill level 4 in Fighting
   919 | D:1      | Gained mutation: You are strong-willed. (Will+) [potion of
                  | mutation]
   919 | D:1      | Gained mutation: You have hidden genetic potential. [potion
                  | of mutation]
   960 | D:2      | Reached skill level 1 in Dodging
  1164 | D:2      | Reached XP level 4. HP: 40/40 MP: 4/4
  1243 | D:2      | Found a faded altar of an unknown god.
  1493 | D:2      | Gained mutation: Your flesh is cold resistant. (rC+)
                  | [hidden potential]
  2203 | D:3      | Reached XP level 5. HP: 47/47 MP: 5/5
  2381 | D:3      | Gained mutation: Your muscles are strong. (Str +4, Int/Dex
                  | -1) [hidden potential]
  2381 | D:3      | Lost mutation: You have hidden genetic potential. [hidden
                  | potential expressed]
  2400 | D:3      | Noticed lunkers's ghost (amateur MeTm)
  2401 | D:3      | Found a transporter.
  2402 | D:3      | Noticed an ogre
  2405 | D:3      | Noticed an ogre
  2631 | D:3      | Found a transporter.
  2680 | D:4      | Noticed Edmund
  2684 | D:4      | Killed Edmund
  2685 | D:4      | Reached XP level 6. HP: 55/55 MP: 6/6
  2723 | D:4      | Reached skill level 5 in Fighting
  2730 | D:4      | Noticed a water moccasin
  2741 | D:4      | HP: 2/56 [water moccasin (4)]
  2742 | D:4      | Succumbed to a water moccasin's poison

Illustrated notes

Levels and vault maps discovered:
D:1:      tarquinn_simple_flora_water_a, layout_loops_ring
D:2:      layout_loops_cross, shapermc_ecumenical_altar_pompeii
D:3:      minmay_general_purpose_star, layout_basic, gammafunk_ghost_smash,
          chequers_arboretum, nrook_mini_backslash
D:4:      layout_cave_pools, mainiacjoe_overflow_concentric_impassable,
          lemuel_doored_altar, nicolae_grassy_gnolls, uniq_crazy_yiuf_cottage,
          uniq_sigmund, uniq_edmund

Skill      XL: |  1  2  3  4  5  6 |
---------------+-------------------+-----
Axes           | 3 4 |  4.6
Fighting       | 4 5 |  5.0
Dodging        | 1 2 |  2.1
Armour         | 4 |  4.5
Shields        | 4 |  4.5

Action                   |  1- 3 |  4- 6 || total
-------------------------+-------+-------++-------
Melee: War axe           |   124 |   159 ||   283
  Use: Scroll            |     3 |     3 ||     6
       Potion            |     2 |     4 ||     6
Armor: Scale mail        |    79 |    68 ||   147
Dodge: Dodged            |    60 |    79 ||   139
Block: Buckler           |    30 |    35 ||    65

Table legend: (Time is in decaauts)
 A = Elapsed time spent in this place.
 B = Non-inter-level travel time spent in this place.
 C = Inter-level travel time spent in this place.
 D = Time resting spent in this place.
 E = Time spent auto-exploring this place.
 F = Levels seen in this place.
 G = Mean time per level.
                   A        B        C        D        E       F      G
               +--------+--------+--------+--------+--------+-----+--------+
         Total |   2845 |   2751 |     94 |      0 |   2129 |   4 |  711.2 |
       Dungeon |   2845 |   2751 |     94 |      0 |   2129 |   4 |  711.2 |
               +--------+--------+--------+--------+--------+-----+--------+

Top non-repeatable levels by time:
     D:1: 989 daAuts
     D:3: 977 daAuts
     D:2: 810 daAuts
     D:4: 68 daAuts
